[Event "Titled Tuesday Blitz March 28 Late 2023"]
[White "Riehle, Marco"]
[Black "Naroditsky, Daniel"]
[WhiteFideId "12904392"]
[BlackFideId "2026961"]
[WhiteElo "2462"]
[BlackElo "2633"]
[Result "0-1"]
[Round "04"]
[TimeControl "180+2"]
[Date "2023.03.28"]
[WhiteClock "0:01:47"]
[BlackClock "0:01:03"]

1. e4 d6 2. d4 Nc6 3. d5 Nb8 4. f4 Nf6 5. Bd3 c6 6. c4 g6 7. Nf3 Bg7 8. Nc3 O-O 9. O-O a6 10. Be3 Ng4 11. Bd4 Bxd4+ 12. Nxd4 Ne3 13. Qd2 Nxf1 14. Rxf1 Qb6 15. Bb1 e5 16. dxe6 fxe6 17. Kh1 Qc7 18. Nf3 e5 19. f5 gxf5 20. exf5 Bxf5 21. Nh4 Bxb1 22. Qg5+ Qg7 23. Rxf8+ Kxf8 24. Qd8+ Kf7 25. Nxb1 Qf6 26. Qd7+ Nxd7 0-1


[Site "https://www.chess.com"]

[Event "Titled Tuesday Blitz March 28 Late 2023"]
[White "Holt, Conrad"]
[Black "Lazavik, Denis"]
[WhiteFideId "2034387"]
[BlackFideId "13515110"]
[WhiteElo "2592"]
[BlackElo "2560"]
[Result "0-1"]
[Round "04"]
[TimeControl "180+2"]
[Date "2023.03.28"]
[WhiteClock "0:00:02"]
[BlackClock "0:00:06"]

1. d4 Nf6 2. c4 e6 3. Nc3 Bb4 4. Qc2 c5 5. dxc5 O-O 6. a3 Bxc5 7. Nf3 d5 8. Bg5 dxc4 9. e3 h6 10. Rd1 Nbd7 11. Bxf6 Qxf6 12. Bxc4 Qe7 13. O-O Nf6 14. Ne4 Bb6 15. Rd2 Nxe4 16. Qxe4 f5 17. Qe5 Bc7 18. Qb5 a6 19. Qb4 Qxb4 20. axb4 b5 21. Bb3 Kf7 22. Rc1 Bd8 23. Ne5+ Kf6 24. f4 Be7 25. Rd4 a5 26. bxa5 Rxa5 27. Kf2 g5 28. Rc7 Ra6 29. Nd7+ Bxd7 30. Rdxd7 Re8 31. Rb7 b4 32. Bd1 Rd6 33. Rxd6 Bxd6 34. Bh5 Rf8 35. Rb6 Be7 36. g3 Rd8 37. Ke2 Rc8 38. Kd3 g4 39. e4 Rd8+ 40. Ke2 fxe4 41. Bxg4 Bd6 42. Rb7 Rc8 43. Rb6 Ke7 44. Rb7+ Kf6 45. Rd7 Bb8 46. Rd2 h5 47. Bh3 h4 48. Bg2 hxg3 49. hxg3 Rg8 50. Bxe4 Rxg3 51. Rd3 Rg4 52. Rf3 Bxf4 53. Kd3 Ke5 54. Rf2 Rg3+ 55. Bf3 Rh3 56. Ke2 Bg3 57. Rg2 Kf4 58. Bb7 Rh7 59. Ba6 Rc7 60. Bd3 e5 61. Rg1 e4 62. Bxe4 Re7 63. Kd3 Rd7+ 0-1


[Site "https://www.chess.com"]

[Event "Titled Tuesday Blitz March 28 Late 2023"]
[White "Horvath, Dominik"]
[Black "Demchenko, Anton"]
[WhiteFideId "1642561"]
[BlackFideId "4160258"]
[WhiteElo "2407"]
[BlackElo "2545"]
[Result "1-0"]
[Round "04"]
[TimeControl "180+2"]
[Date "2023.03.28"]
[WhiteClock "0:00:17"]
[BlackClock "0:00:04"]

1. d4 d5 2. c4 c6 3. Nf3 Nf6 4. Nc3 e6 5. e3 Nbd7 6. Qc2 Bd6 7. Bd3 O-O 8. O-O dxc4 9. Bxc4 a6 10. e4 e5 11. Bg5 Qc7 12. Rad1 b5 13. Bb3 exd4 14. Rxd4 Ne5 15. Nxe5 Bxe5 16. Rd3 Bxh2+ 17. Kh1 Be5 18. f4 Bxc3 19. Rxc3 Nh5 20. Qe2 b4 21. Rd3 g6 22. g4 Ng7 23. Bf6 Be6 24. Qh2 Bxg4 25. Rg3 Qd7 26. f5 Nh5 27. Rxg4 Nxf6 28. Rg2 Kh8 29. Qe5 Qd8 30. Rd1 1-0


[Site "https://www.chess.com"]

[Event "Titled Tuesday Blitz March 28 Late 2023"]
[White "Veiga, Jose Francisco R P Neves"]
[Black "Sjugirov, Sanan"]
[WhiteFideId "1930087"]
[BlackFideId "4189302"]
[WhiteElo "2320"]
[BlackElo "2569"]
[Result "0-1"]
[Round "04"]
[TimeControl "180+2"]
[Date "2023.03.28"]
[WhiteClock "0:00:01"]
[BlackClock "0:01:29"]

1. e4 e5 2. Bc4 d6 3. Nf3 Be7 4. d4 exd4 5. Nxd4 Nf6 6. Nc3 O-O 7. O-O Re8 8. f3 Nbd7 9. Be3 Ne5 10. Bb3 Bf8 11. Qd2 a6 12. a4 Bd7 13. a5 h6 14. Nde2 Be6 15. Nf4 Bxb3 16. cxb3 c6 17. Rfd1 Nfd7 18. Nd3 Qf6 19. Qf2 Nxd3 20. Rxd3 Ne5 21. Rd2 Qe6 22. Ra3 f5 23. Bd4 fxe4 24. fxe4 Be7 25. Rd1 Rf8 26. Qg3 Rf7 27. Ne2 Raf8 28. Raa1 Ng6 29. Nc3 Bh4 30. Qd3 Nf4 31. Qc4 Qg6 0-1


[Site "https://www.chess.com"]

[Event "Titled Tuesday Blitz March 28 Late 2023"]
[White "Papasimakopoulos, Alexandros"]
[Black "Talibov, Shiroghlan"]
[WhiteFideId "4244125"]
[BlackFideId "13429078"]
[WhiteElo "2359"]
[BlackElo "2218"]
[Result "0-1"]
[Round "04"]
[TimeControl "180+2"]
[Date "2023.03.28"]
[WhiteClock "0:00:22"]
[BlackClock "0:01:16"]

1. d4 d5 2. c4 e6 3. Nc3 c6 4. e3 f5 5. g4 fxg4 6. Qxg4 Nf6 7. Qg2 c5 8. Nf3 Nc6 9. cxd5 exd5 10. dxc5 Bg4 11. Bb5 Bxf3 12. Qxf3 Bxc5 13. Qf5 O-O 14. O-O Kh8 15. Kh1 Ne4 16. Qxd5 Nxf2+ 17. Kg2 Qh4 18. Be2 Qh3+ 19. Kg1 Bxe3 20. Bxe3 Qxe3 21. Kg2 Ne5 22. Rae1 Qg5+ 23. Bg4 Qxg4# 0-1


[Site "https://www.chess.com"]

[Event "Titled Tuesday Blitz March 28 Late 2023"]
[White "Koksal, Ege"]
[Black "Rustemov, Alexander"]
[WhiteFideId "6317626"]
[BlackFideId "4119002"]
[WhiteElo "2226"]
[BlackElo "2863"]
[Result "0-1"]
[Round "04"]
[TimeControl "180+2"]
[Date "2023.03.28"]
[WhiteClock "0:00:02"]
[BlackClock "0:00:57"]

1. d4 d5 2. c4 c6 3. cxd5 cxd5 4. Bf4 Nf6 5. e3 Nc6 6. Nc3 a6 7. Nf3 Bg4 8. Be2 e6 9. O-O Bd6 10. Bg3 O-O 11. Rc1 Rc8 12. Bh4 Be7 13. Bg3 Ne4 14. Nxe4 dxe4 15. Nd2 Bxe2 16. Qxe2 Qd5 17. a3 f5 18. Nc4 Qb5 19. Rc2 Na5 20. Nxa5 Qxa5 21. Rfc1 Rxc2 22. Qxc2 Qb5 23. h3 h6 24. Be5 Bf6 25. Bxf6 Rxf6 26. b4 Kh7 27. Qc7 Rg6 28. Qe5 Qe2 29. g3 Qb2 30. Rc8 Qb1+ 31. Kg2 Qd1 32. Qb8 Qf3+ 33. Kg1 Rf6 34. Rh8+ Kg6 35. Qe8+ Kg5 36. Rg8 g6 37. Qe7 Qd1+ 38. Kh2 Qf1 39. h4+ Kg4 40. Qxf6 Qxf2+ 41. Kh1 Kh3 42. Qxg6 Qg2# 0-1


[Site "https://www.chess.com"]

[Event "Titled Tuesday Blitz March 28 Late 2023"]
[White "Piesik, Piotr"]
[Black "Shankland, Sam"]
[WhiteFideId "1136194"]
[BlackFideId "2004887"]
[WhiteElo "2311"]
[BlackElo "2638"]
[Result "0-1"]
[Round "04"]
[TimeControl "180+2"]
[Date "2023.03.28"]
[WhiteClock "0:01:19"]
[BlackClock "0:02:16"]

1. Nf3 d5 2. g3 g6 3. Bg2 Bg7 4. d4 c6 5. O-O Nf6 6. a4 a5 7. c4 O-O 8. Qb3 Na6 9. Bd2 dxc4 10. Qxc4 Nd5 11. Nc3 Ndb4 12. e3 Bf5 13. Ne1 Qd7 14. Ne4 e5 15. Bxb4 Nxb4 16. Nc5 Qe7 17. e4 Bc8 18. d5 b6 19. Ncd3 Ba6 20. Qb3 Rac8 21. Nxb4 Qxb4 22. Qxb4 axb4 23. dxc6 Rxc6 24. Nf3 Bxf1 25. Bxf1 Rd8 26. b3 Rc3 0-1


[Site "https://www.chess.com"]

[Event "Titled Tuesday Blitz March 28 Late 2023"]
[White "Timmermans, Mark"]
[Black "Godzwon, Iwo"]
[WhiteFideId "1026399"]
[BlackFideId "21802483"]
[WhiteElo "2460"]
[BlackElo "2284"]
[Result "1-0"]
[Round "04"]
[TimeControl "180+2"]
[Date "2023.03.28"]
[WhiteClock "0:00:22"]
[BlackClock "0:00:01"]

1. e4 c5 2. Nf3 e6 3. d4 cxd4 4. Nxd4 Nc6 5. Nc3 Qc7 6. Be3 a6 7. Qf3 Nf6 8. O-O-O d6 9. Qg3 h5 10. f4 h4 11. Qf3 Bd7 12. g4 Nxd4 13. Bxd4 e5 14. g5 exd4 15. Rxd4 Ng8 16. Nd5 Qd8 17. Bd3 Ne7 18. Re1 Nc6 19. Rc4 Be7 20. Kb1 Be6 21. Rc3 Rc8 22. Rg1 f6 23. gxf6 Bxf6 24. e5 dxe5 25. Bg6+ Kf8 26. Rd1 e4 27. Qxe4 Bxd5 28. Rxd5 Qe7 29. Re3 Qxe4 30. Rxe4 Rh6 31. Bf5 Re8 32. Rxe8+ Kxe8 33. Bd7+ Ke7 34. Bg4 Rg6 35. h3 Ke8 36. Bh5 Ne7 37. Rd1 Kf8 38. f5 Nxf5 39. Bxg6 Ne3 40. Re1 Ng2 41. Re8# 1-0


[Site "https://www.chess.com"]

[Event "Titled Tuesday Blitz March 28 Late 2023"]
[White "Urazayev, Arystanbek"]
[Black "Grave, Jacob Templen"]
[WhiteFideId "13709810"]
[BlackFideId "1542656"]
[WhiteElo "2479"]
[BlackElo "2179"]
[Result "1-0"]
[Round "04"]
[TimeControl "180+2"]
[Date "2023.03.28"]
[WhiteClock "0:01:38"]
[BlackClock "0:00:18"]

1. e4 c6 2. d4 d5 3. exd5 cxd5 4. Bd3 Nc6 5. c3 Nf6 6. h3 g6 7. Nf3 Bf5 8. Be2 Bg7 9. O-O h6 10. a4 g5 11. Ne5 Ne4 12. Nd3 O-O 13. Na3 Bg6 14. Bh5 Bh7 15. Nc2 e5 16. dxe5 Nxe5 17. Nxe5 Bxe5 18. Nd4 Rc8 19. f4 Bxd4+ 20. cxd4 Ng3 21. Re1 Qf6 22. fxg5 hxg5 23. Re5 Ne4 24. Be3 Rfe8 25. Qf1 Qxf1+ 26. Rxf1 Rxe5 27. Bxf7+ Kg7 28. dxe5 Ng3 29. Rf3 Nf5 30. Be6 Rf8 31. Bxg5 Nd4 32. Bh6+ Kxh6 33. Rxf8 Nxe6 34. Rf6+ Kg5 35. Rxe6 Kf5 36. Re7 Bg8 37. Rxb7 Kxe5 38. Rxa7 d4 39. Kf2 Bc4 40. Ke1 Ke4 41. Kd2 Bd5 42. a5 Kf4 43. a6 Bxg2 44. Rg7 Bxh3 45. a7 1-0


[Site "https://www.chess.com"]

[Event "Titled Tuesday Blitz March 28 Late 2023"]
[White "Andreikin, Dmitry"]
[Black "Ozer, Omer Faruk"]
[WhiteFideId "4158814"]
[BlackFideId "6354564"]
[WhiteElo "2736"]
[BlackElo "2260"]
[Result "1/2-1/2"]
[Round "04"]
[TimeControl "180+2"]
[Date "2023.03.28"]
[WhiteClock "0:00:03"]
[BlackClock "0:00:04"]

1. e4 c5 2. Nc3 Nc6 3. Nge2 e6 4. d4 cxd4 5. Nxd4 Nf6 6. a3 Qc7 7. Be3 a6 8. f4 d6 9. Qf3 Nxd4 10. Bxd4 b5 11. O-O-O Bb7 12. g4 Nd7 13. Kb1 Rc8 14. h4 Nc5 15. Rh2 Bc6 16. g5 Qb7 17. Re2 b4 18. axb4 Qxb4 19. h5 Rb8 20. Nd5 Qb7 21. Bg2 Bb5 22. Ree1 exd5 23. exd5+ Kd8 24. h6 Rg8 25. Qc3 gxh6 26. Qa5+ Qb6 27. Qc3 Bd7 28. Be4 hxg5 29. Bxh7 Rg6 30. Bxg6 fxg6 31. fxg5 Bf5 32. Rh1 Qb3 33. Qxb3 Nxb3 34. Bf6+ Ke8 35. Rh7 Nc5 36. Re1+ Ne4 37. Kc1 Rc8 38. c3 Rc5 39. Rh4 Rxd5 40. Rhxe4+ Bxe4 41. Rxe4+ Kf7 42. Kc2 a5 43. Kb3 Rb5+ 44. Kc2 d5 45. Rh4 Ke6 46. Rh8 Bd6 47. Rd8 Bf4 48. b3 Kf5 49. Rf8 Bxg5 50. Bd4+ Kg4 51. Rg8 Kf5 52. Rf8+ Kg4 53. Rf1 Bf4 54. Rg1+ Kf5 55. Ra1 g5 56. c4 dxc4 57. bxc4 Rb4 58. Kd3 Rb3+ 59. Kc2 Rf3 60. Rxa5+ Ke4 61. Ba7 g4 62. c5 g3 63. c6 g2 64. Ra1 Kd5 65. Rg1 Kxc6 66. Rxg2 Bd6 67. Bd4 Rf4 68. Bc3 Rf3 69. Rg6 Kd5 70. Rg5+ Kc4 71. Rg4+ Kd5 72. Rd4+ Kc6 73. Rd1 Bc5 74. Kb3 Kb5 75. Rd5 Kc6 76. Rd1 Kb5 77. Rd5 Kc6 78. Rd8 Kb5 79. Rb8+ Kc6 80. Kc4 Rf4+ 81. Kd3 Kd5 82. Rd8+ Kc6 83. Be5 Rf3+ 84. Kc4 Bb6 85. Rd6+ Kb7 86. Bc3 Rf5 87. Rg6 Rc5+ 88. Kb4 Rf5 89. Kb3 Ka6 90. Bb4 Kb5 91. Bc3 Rf3 92. Kc2 Bc5 93. Rg4 Rf2+ 94. Kd3 Rf3+ 95. Kd2 Rf2+ 96. Ke1 Rc2 97. Bd2 Rc4 98. Rg8 Bb4 99. Rb8+ Ka4 100. Ke2 Bxd2 101. Kd3 Rb4 102. Rxb4+ Bxb4 1/2-1/2


[Site "https://www.chess.com"]

[Event "Titled Tuesday Blitz March 28 Late 2023"]
[White "Khumalo, Keith"]
[Black "Kollars, Dmitrij"]
[WhiteFideId "14319470"]
[BlackFideId "12909572"]
[WhiteElo "2056"]
[BlackElo "2584"]
[Result "0-1"]
[Round "04"]
[TimeControl "180+2"]
[Date "2023.03.28"]
[WhiteClock "0:00:47"]
[BlackClock "0:00:10"]

1. d4 Nf6 2. c4 e6 3. Nf3 b6 4. g3 Ba6 5. Qa4 Bb7 6. Bg2 c5 7. dxc5 bxc5 8. O-O Be7 9. Nc3 O-O 10. Rd1 Qb6 11. a3 h6 12. Be3 Bc6 13. Qc2 Qb7 14. Rab1 a5 15. Ne1 Bxg2 16. Nxg2 Nc6 17. Nb5 d5 18. a4 d4 19. Bd2 e5 20. e3 Rfe8 21. exd4 exd4 22. Qf5 g6 23. Qh3 Ne5 24. Bxh6 Nfg4 25. Rf1 Nf3+ 26. Kh1 Qd7 27. Nf4 Ra6 28. Kg2 Nd2 29. Rfe1 Nxb1 30. Rxb1 Ne5 31. Qxd7 Nxd7 32. Nc7 Rea8 33. Nxa8 Rxa8 34. Nd5 Bd6 35. Bd2 f6 36. Re1 Kf7 37. f4 Rb8 38. Rb1 Ra8 39. Re1 Nb8 40. Nb6 Ra6 41. Nc8 Bf8 42. g4 Nd7 43. f5 gxf5 44. Bf4 fxg4 45. Kg3 f5 46. h3 gxh3 47. Rh1 Nf6 48. Rxh3 Ra8 49. Nb6 Ra6 50. Bc7 Bd6+ 51. Bxd6 Rxb6 52. Bxc5 Ne4+ 53. Kf4 Nxc5 54. Kxf5 d3 55. Rh7+ Ke8 56. Rh2 Rd6 57. Rd2 Nb3 58. Rd1 d2 59. Ke5 Rd4 60. c5 Kd7 61. Rh1 d1=Q 0-1


[Site "https://www.chess.com"]

[Event "Titled Tuesday Blitz March 28 Late 2023"]
[White "Gholami Orimi, Mahdi"]
[Black "Djokic, Mihailo"]
[WhiteFideId "12558486"]
[BlackFideId "976440"]
[WhiteElo "2363"]
[BlackElo "2294"]
[Result "1-0"]
[Round "04"]
[TimeControl "180+2"]
[Date "2023.03.28"]
[WhiteClock "0:01:05"]
[BlackClock "0:00:28"]

1. d4 Nf6 2. c4 g6 3. Nc3 Bg7 4. e4 d6 5. Be2 O-O 6. Nf3 Na6 7. O-O c5 8. h3 cxd4 9. Nxd4 Nc5 10. Bf3 Ne6 11. Be3 Bd7 12. Qd2 Rc8 13. b3 Re8 14. Rfd1 Qa5 15. Rac1 a6 16. Qb2 b5 17. b4 Qd8 18. Nxe6 Bxe6 19. c5 Nd7 20. Qa3 Ne5 21. Be2 Rc6 22. Nd5 Qb8 23. f4 Nd7 24. Bf3 dxc5 25. bxc5 Kf8 26. Nb4 Rcc8 27. Nxa6 b4 28. Nxb8 bxa3 29. Nxd7+ Kg8 30. c6 Bxa2 31. Nb6 Bb3 32. Nxc8 Bxd1 33. Rxd1 a2 34. e5 Rxc8 35. Ra1 f6 1-0


[Site "https://www.chess.com"]

[Event "Titled Tuesday Blitz March 28 Late 2023"]
[White "Sai Krishna G V"]
[Black "Alekseenko, Kirill"]
[WhiteFideId "5028280"]
[BlackFideId "4135539"]
[WhiteElo "2359"]
[BlackElo "2683"]
[Result "0-1"]
[Round "04"]
[TimeControl "180+2"]
[Date "2023.03.28"]
[WhiteClock "0:00:04"]
[BlackClock "0:00:18"]

1. e4 c5 2. Nf3 Nc6 3. Nc3 d6 4. d4 cxd4 5. Nxd4 Nf6 6. Bg5 e6 7. Qd2 a6 8. O-O-O Bd7 9. f3 Be7 10. g4 Rc8 11. Be3 b5 12. Nxc6 Bxc6 13. g5 Nd7 14. h4 Ne5 15. f4 b4 16. Nd5 Nf3 17. Qf2 exd5 18. exd5 Bd7 19. Qxf3 h5 20. f5 g6 21. f6 Bg4 22. Qf4 Qa5 23. Bh3 b3 24. axb3 Qa1+ 25. Kd2 Qxb2 26. Qa4+ Kf8 27. fxe7+ Kxe7 28. Qe4+ Kd7 29. Bxg4+ hxg4 30. Bd4 Rxc2+ 31. Qxc2 Qxd4+ 32. Kc1 Qa1+ 33. Kd2 Qd4+ 34. Kc1 Qa1+ 35. Kd2 Qa5+ 36. Qc3 Qa2+ 37. Kd3 Rc8 38. Qxc8+ Kxc8 39. Rhf1 Qxb3+ 40. Kd4 Kd8 41. Rb1 Qa4+ 42. Ke3 Qa3+ 43. Kf4 g3 44. Kg4 g2 45. Rg1 Qe3 46. h5 gxh5+ 47. Kxh5 Qh3# 0-1


[Site "https://www.chess.com"]

[Event "Titled Tuesday Blitz March 28 Late 2023"]
[White "Sargsyan, Shant"]
[Black "Feng, Eric"]
[WhiteFideId "13306766"]
[BlackFideId "30952590"]
[WhiteElo "2628"]
[BlackElo "1785"]
[Result "1-0"]
[Round "04"]
[TimeControl "180+2"]
[Date "2023.03.28"]
[WhiteClock "0:00:08"]
[BlackClock "0:00:16"]

1. g3 Nf6 2. c4 e6 3. Bg2 d5 4. Nf3 Be7 5. O-O O-O 6. b3 Nbd7 7. Bb2 c6 8. d4 b6 9. Nc3 Bb7 10. Qd3 c5 11. cxd5 exd5 12. Rfd1 Rc8 13. Rac1 Qc7 14. dxc5 Nxc5 15. Qb1 Rfd8 16. Nb5 Qb8 17. Be5 Qa8 18. Nc7 Rxc7 19. Bxc7 Rd7 20. Be5 Nfe4 21. Nd4 a5 22. Nf5 Bf8 23. Bxe4 Nxe4 24. Qxe4 dxe4 25. Rxd7 e3 26. Nxe3 Ba6 27. Rcd1 Qe8 28. Bf4 Be7 29. Nd5 Bf8 30. Nc7 Qxe2 31. Nxa6 Qxa6 32. Rd8 Qe2 33. Rc1 Qe7 34. Rb8 g5 35. Be3 Kg7 36. Bd4+ Kg6 37. Rxb6+ Kh5 38. h3 Qe4 39. Be3 f5 40. Rb5 Bb4 41. Rxf5 Be7 42. Rxa5 Qe6 43. Kh2 Bd6 44. Rd1 h6 45. Rad5 Be5 46. R5d3 Qf6 47. Kg2 Qc6+ 48. Rd5 Bc7 49. b4 Qc4 50. b5 Qe4+ 51. Kh2 Qf3 52. R1d2 Kg6 53. b6 Bb8 54. b7 h5 55. Rd6+ Kf7 56. Rd7+ Ke6 57. Rd8 Bc7 58. b8=Q Bxb8 59. Rxb8 h4 60. Rb6+ Ke5 61. Rb5+ Ke6 62. Rb6+ Ke5 63. Rb5+ Ke6 64. g4 Qe4 65. Rxg5 Kf6 66. Rf5+ Kg6 67. Rd6+ Kh7 68. Rd7+ Kg6 69. Rd6+ Kh7 70. Rd2 Qe7 71. a4 Qc7+ 72. Kg1 Qc1+ 73. Kg2 Qc5 74. Rxc5 Kg6 75. Rg5+ Kf7 76. Rf5+ Ke6 77. Kf3 Ke7 78. Ke4 Ke6 79. g5 Ke7 80. g6 Ke6 81. g7 Ke7 82. Bg5+ Ke8 83. g8=Q# 1-0


[Site "https://www.chess.com"]

[Event "Titled Tuesday Blitz March 28 Late 2023"]
[White "Durarbayli, Vasif"]
[Black "Goroshkov, Maksym"]
[WhiteFideId "13402935"]
[BlackFideId "14142716"]
[WhiteElo "2543"]
[BlackElo "2322"]
[Result "1-0"]
[Round "04"]
[TimeControl "180+2"]
[Date "2023.03.28"]
[WhiteClock "0:01:05"]
[BlackClock "0:00:46"]

1. e4 e5 2. Nc3 Nf6 3. f4 d5 4. fxe5 Nxe4 5. Qf3 Nxc3 6. dxc3 Bc5 7. Bf4 O-O 8. O-O-O c6 9. Bd3 Be6 10. Nh3 f5 11. Ng5 Qe7 12. g4 fxg4 13. Bxh7+ Kh8 14. Qg3 g6 15. Bxg6 Kg7 16. Bh5 Bf2 17. Nxe6+ Qxe6 18. Qxf2 Qf5 19. Bxg4 Qxf4+ 20. Qxf4 Rxf4 21. Bc8 Rf7 22. Rhg1+ Kh7 23. Rd3 1-0


[Site "https://www.chess.com"]

[Event "Titled Tuesday Blitz March 28 Late 2023"]
[White "Srinath, Rao S.V."]
[Black "Tari, Aryan"]
[WhiteFideId "5028876"]
[BlackFideId "1510045"]
[WhiteElo "2196"]
[BlackElo "2583"]
[Result "0-1"]
[Round "04"]
[TimeControl "180+2"]
[Date "2023.03.28"]
[WhiteClock "0:00:54"]
[BlackClock "0:00:41"]

1. e4 e5 2. Nf3 Nc6 3. Bc4 Bc5 4. c3 Nf6 5. d3 a6 6. a4 Ba7 7. O-O d6 8. h3 h6 9. Be3 Bxe3 10. fxe3 O-O 11. Nbd2 Re8 12. Qe1 Be6 13. Nh4 d5 14. exd5 Nxd5 15. Nf5 Qd7 16. g4 Nde7 17. Ne4 Bxc4 18. Nxh6+ Kf8 19. Nxf7 Bxf7 20. Ng5 Kg8 21. Rxf7 Qxd3 22. Qf2 Qg6 23. h4 Rf8 24. Rf1 Rxf7 25. Qxf7+ Qxf7 26. Nxf7 Rf8 0-1


[Site "https://www.chess.com"]

[Event "Titled Tuesday Blitz March 28 Late 2023"]
[White "Zierk, Steven"]
[Black "Mihajlov, Sebastian"]
[WhiteFideId "2034255"]
[BlackFideId "1512110"]
[WhiteElo "2494"]
[BlackElo "2464"]
[Result "0-1"]
[Round "04"]
[TimeControl "180+2"]
[Date "2023.03.28"]
[WhiteClock "0:00:09"]
[BlackClock "0:00:08"]

1. e4 e6 2. d4 d5 3. Nd2 a6 4. Ngf3 c5 5. exd5 exd5 6. Be2 Nf6 7. O-O Be7 8. dxc5 Bxc5 9. Nb3 Bb6 10. Bg5 O-O 11. c3 Re8 12. Re1 Bxf2+ 13. Kxf2 Ne4+ 14. Kg1 Nxg5 15. Nxg5 Qxg5 16. Bxa6 Rd8 17. Qe2 h6 18. Bd3 Nd7 19. Nd4 Nf6 20. Qe5 Qh4 21. g3 Qh3 22. Re2 Bd7 23. Rf1 Re8 24. Qf4 Rxa2 25. Rxe8+ Bxe8 26. Bf5 Qh5 27. Nf3 Bd7 28. Qb8+ Be8 29. Qf4 Bd7 30. g4 Qh3 31. Qb8+ Be8 32. g5 Qxf5 33. gxf6 Qg4+ 34. Kh1 Rxb2 35. Qxe8+ Kh7 0-1


[Site "https://www.chess.com"]

[Event "Titled Tuesday Blitz March 28 Late 2023"]
[White "Sourath Biswas"]
[Black "Bachmann, Axel"]
[WhiteFideId "35091484"]
[BlackFideId "3700488"]
[WhiteElo "2164"]
[BlackElo "2605"]
[Result "1-0"]
[Round "04"]
[TimeControl "180+2"]
[Date "2023.03.28"]
[WhiteClock "0:00:05"]
[BlackClock "0:00:08"]

1. d4 Nf6 2. Nf3 e6 3. Bf4 b5 4. e3 a6 5. a4 b4 6. c4 Bb7 7. Nbd2 c5 8. Nb3 cxd4 9. exd4 Be7 10. Bd3 O-O 11. O-O Nc6 12. Qe2 Na5 13. Nfd2 d6 14. Nxa5 Qxa5 15. Nb3 Qc7 16. a5 Rab8 17. Rfc1 Rfc8 18. c5 Qc6 19. f3 Nh5 20. Be3 g6 21. Be4 Qd7 22. cxd6 Rxc1+ 23. Rxc1 Qxd6 24. Bxb7 Rxb7 25. Nc5 Rb5 26. Ne4 Qd7 27. Qc4 Rxa5 28. Bh6 Rd5 29. Qc8+ Qxc8 30. Rxc8+ Rd8 31. Rc6 a5 32. Ra6 f5 33. Nc5 e5 34. Rxa5 Rxd4 35. Ne6 Rd1+ 36. Kf2 Kf7 37. Rxe5 Rb1 38. Re2 Bd6 39. Ng5+ Kf6 40. Re6# 1-0


[Site "https://www.chess.com"]

[Event "Titled Tuesday Blitz March 28 Late 2023"]
[White "Babazada, Khazar"]
[Black "Wadsworth, Matthew J"]
[WhiteFideId "13413554"]
[BlackFideId "415804"]
[WhiteElo "2364"]
[BlackElo "2330"]
[Result "1-0"]
[Round "04"]
[TimeControl "180+2"]
[Date "2023.03.28"]
[WhiteClock "0:00:29"]
[BlackClock "0:00:01"]

1. c4 c6 2. Nc3 d5 3. d4 Nf6 4. e3 a6 5. Nf3 b5 6. cxd5 cxd5 7. Bd3 Bb7 8. O-O e6 9. Ne5 Nc6 10. f4 Be7 11. Bd2 O-O 12. Be1 b4 13. Na4 Nxe5 14. fxe5 Ne4 15. Rc1 Rc8 16. Rxc8 Qxc8 17. Qe2 a5 18. b3 f5 19. exf6 Rxf6 20. Rxf6 Nxf6 21. Qc2 Qxc2 22. Bxc2 Bc6 23. Nb2 Ng4 24. Bd2 Bg5 25. Nd1 Bb5 26. h3 Nf6 27. Nb2 Kf7 28. Kf2 Ke7 29. Kf3 h5 30. Be1 Bh6 31. Bg3 Kd7 32. Be5 Ne8 33. Bd3 Kc6 34. Bg6 Nd6 35. Bxh5 Nf5 36. Bf4 Bxf4 37. Kxf4 Bf1 38. Bf3 Nd6 39. h4 Kb5 40. Ke5 Nf5 41. Kxe6 Nxe3 42. g4 Nc2 43. Ke5 Na3 44. h5 Nb1 45. g5 Nc3 46. h6 gxh6 47. gxh6 1-0


[Site "https://www.chess.com"]

[Event "Titled Tuesday Blitz March 28 Late 2023"]
[White "Mammadov, Zaur"]
[Black "Lewicki, Miroslaw"]
[WhiteFideId "13401033"]
[BlackFideId "1113380"]
[WhiteElo "2441"]
[BlackElo "2212"]
[Result "1-0"]
[Round "04"]
[TimeControl "180+2"]
[Date "2023.03.28"]
[WhiteClock "0:00:11"]
[BlackClock "0:00:01"]

1. e4 c5 2. c3 e6 3. d4 d5 4. e5 Nc6 5. Nf3 Nge7 6. Na3 Ng6 7. Nc2 Be7 8. Bd3 c4 9. Be2 b5 10. g3 b4 11. h4 bxc3 12. bxc3 Qa5 13. Bd2 h6 14. Kf1 Bd7 15. Kg2 Rb8 16. Ne3 Ba3 17. Rb1 O-O 18. h5 Rxb1 19. Qxb1 Rb8 20. Qd1 Nf8 21. Ng4 Ne7 22. Bxh6 gxh6 23. Qd2 Nh7 24. Nxh6+ Kg7 25. Qf4 Nf5 26. Nxf5+ exf5 27. Ng5 Be6 28. h6+ Kh8 29. Bh5 Qc7 30. Nf3 Be7 31. Rc1 Qa5 32. Bxf7 Bxf7 33. e6 Rf8 34. exf7 Rxf7 35. Rb1 Bf6 36. Ne5 Rf8 37. Ng6+ Kg8 38. Nxf8 Nxf8 39. Qxf5 Qa6 40. Rb8 Kf7 41. h7 Nxh7 42. Qxh7+ Bg7 43. Qf5+ Qf6 44. Qxf6+ 1-0


[Site "https://www.chess.com"]

[Event "Titled Tuesday Blitz March 28 Late 2023"]
[White "Costachi, Mihnea"]
[Black "Taboas Rodriguez, Daniel"]
[WhiteFideId "1217518"]
[BlackFideId "2208466"]
[WhiteElo "2456"]
[BlackElo "2365"]
[Result "1-0"]
[Round "04"]
[TimeControl "180+2"]
[Date "2023.03.28"]
[WhiteClock "0:01:28"]
[BlackClock "0:00:13"]

1. d4 Nf6 2. c4 g6 3. Nc3 Bg7 4. e4 d6 5. Be2 O-O 6. Bg5 c5 7. d5 e6 8. Nf3 exd5 9. cxd5 a6 10. a4 h6 11. Be3 Ng4 12. Bf4 f5 13. exf5 Bxf5 14. O-O Qf6 15. h3 Ne5 16. Nxe5 dxe5 17. Bg3 e4 18. d6 Nc6 19. Qd5+ Kh7 20. Qxc5 Nd4 21. Qd5 Rac8 22. Rfe1 Nc2 23. Bg4 Bxg4 24. hxg4 Nxa1 25. Rxa1 e3 26. fxe3 b6 27. Rd1 Rc5 28. Qe4 b5 29. axb5 axb5 30. d7 Rd8 31. Qb4 Qc6 32. Rd6 Qc7 33. Qe4 Rxc3 34. Qxg6+ Kh8 35. bxc3 Qxc3 36. Qe8+ Kh7 37. Qxd8 Qxe3+ 38. Kh2 Be5 39. Qe7+ 1-0


[Site "https://www.chess.com"]

[Event "Titled Tuesday Blitz March 28 Late 2023"]
[White "Pichot, Alan"]
[Black "Sokac, Marko"]
[WhiteFideId "110973"]
[BlackFideId "14531356"]
[WhiteElo "2573"]
[BlackElo "2355"]
[Result "1-0"]
[Round "04"]
[TimeControl "180+2"]
[Date "2023.03.28"]
[WhiteClock "0:02:03"]
[BlackClock "0:01:21"]

1. e4 d6 2. d4 Nf6 3. f3 c6 4. c4 g6 5. Nc3 Bg7 6. Be3 Nbd7 7. Bd3 b6 8. Nge2 Bb7 9. O-O h6 10. Qd2 g5 11. Rac1 e6 12. b4 a5 13. a3 Nf8 14. d5 cxd5 15. cxd5 Ng6 16. Bb5+ Kf8 17. Bc6 Rb8 18. b5 e5 19. Na4 Bc8 20. Nxb6 Rxb6 21. Qxa5 Kg8 22. Bxb6 Qf8 23. Be3 Kh7 24. b6 Qe7 25. Qa7 Bd7 26. Bxd7 Nxd7 27. Rc7 Rd8 28. b7 Ngf8 29. Rc8 1-0


[Site "https://www.chess.com"]

[Event "Titled Tuesday Blitz March 28 Late 2023"]
[White "Olenik Campa, Rudi"]
[Black "Corrales Jimenez, Fidel"]
[WhiteFideId "14633264"]
[BlackFideId "3506690"]
[WhiteElo "2249"]
[BlackElo "2541"]
[Result "1/2-1/2"]
[Round "04"]
[TimeControl "180+2"]
[Date "2023.03.28"]
[WhiteClock "0:00:17"]
[BlackClock "0:01:11"]

1. e4 c5 2. Nf3 e6 3. c4 Nc6 4. Be2 a6 5. O-O d6 6. d4 cxd4 7. Nxd4 Nf6 8. Nc3 Be7 9. Be3 O-O 10. f3 Bd7 11. Rc1 Rc8 12. Qd2 Nxd4 13. Bxd4 Bc6 14. Rfd1 Nd7 15. Bf1 Bg5 16. Be3 Bxe3+ 17. Qxe3 Ne5 18. c5 Qf6 19. cxd6 g5 20. b4 Rcd8 21. b5 axb5 22. Bxb5 Rd7 23. Bxc6 bxc6 24. Na4 Rfd8 25. Qc5 g4 26. fxg4 Nxg4 27. Rf1 Qh6 28. h3 Ne3 29. Rf3 Nxg2 30. Rg3+ Kh8 31. Qc3+ f6 32. Kxg2 Rxd6 33. Rf1 Rd2+ 34. Kh1 Rd1 35. Rgg1 R1d3 36. Qxf6+ Qxf6 37. Rxf6 Rxh3+ 38. Kg2 Ra3 39. Nc5 Rxa2+ 40. Kf3 e5 41. Ne6 Ra3+ 42. Ke2 Ra2+ 43. Ke3 Ra3+ 44. Ke2 Ra2+ 45. Kf3 Ra3+ 46. Ke2 1/2-1/2


[Site "https://www.chess.com"]